 Dungeon Crawl Stone Soup version 0.17.2-1-ge4368a0 (webtiles) character file.

3073 Goblin1989 the Grappler (level 9, 0/65 HPs)
             Began as a Demonspawn Monk on Oct 25, 2016.
             Was an Initiate of Gozag.
             Slain by a shadow (16 damage)
             ... on level 10 of the Dungeon.
             The game lasted 00:37:20 (6521 turns).

Goblin1989 the Grappler (Demonspawn Monk)           Turns: 6521, Time: 00:37:20

Health: 0/65       AC: 12    Str: 16    XL:     9   Next: 58%
Magic:  9/9        EV: 15    Int: 13    God:    Gozag
Gold:   401        SH:  0    Dex: 14    Spells: 1 memorised, 0 levels left

rFire  + . .     SeeInvis .       - Unarmed
rCold  . . .     Clarity  .     k - +0 ring mail
rNeg   + + +     SustAt   .     (no shield)
rPois  +         Gourm    .     B - +1 helmet {Int+3}
rElec  .         Spirit   .     z - +1 ratskin cloak {rPois rN+ Int-1 Dex-1}
rCorr  .         Warding  +     (no gloves)
rMut   .         Stasis   .     A - +2 pair of boots
MR     .....                    d - amulet of warding
Stlth  +.........               f - ring of protection from fire
                                g - ring of positive energy

@: about to teleport, not resistant to hostile enchantments, very unstealthy
A: claws 1, repulsion field 2, powered by death 1
a: Potion Petition, Call Merchant, Bribe Branch, Renounce Religion


You were on level 10 of the Dungeon.
You worshipped Gozag.
Gozag was noncommittal.
You were not hungry.

You visited 1 branch of the dungeon, and saw 11 of its levels.
You also visited: Sewer.

You collected 1232 gold pieces.
You spent 831 gold pieces at shops.

Inventory:

Missiles
 Z - a throwing net {=f, !d}
Armour
 k - a +0 ring mail (worn)
 z - the +1 ratskin cloak (worn) {rPois rN+ Int-1 Dex-1}
   (You bought it in a shop on level 9 of the Dungeon)

   It affects your intelligence (-1).
   It affects your dexterity (-1).
   It protects you from poison.
   It protects you from negative energy.
 A - a +2 pair of boots (worn)
 B - a +1 helmet of intelligence (worn)
Jewellery
 d - an amulet of warding (around neck)
 f - a ring of protection from fire (right claw)
 g - a ring of positive energy (left claw)
 h - an uncursed ring of ice
 l - an uncursed ring of flight
Wands
 m - a wand of flame (27)
 y - a wand of digging (15)
Scrolls
 i - a scroll of enchant weapon {unknown}
 p - 8 scrolls of remove curse {unknown}
 s - a scroll of silence {unknown}
 x - a scroll of fog {unknown}
 T - a scroll of teleportation {!r, @r4}
Potions
 e - 2 potions of flight
 n - a potion of mutation {unknown}
 o - a potion of agility
 q - a potion of magic {unknown}
 t - a potion of heal wounds {unknown}
 u - a potion of brilliance
 v - a potion of haste {unknown}
 w - 2 potions of curing {@q1}
Books
 a - an Akashic Record

   Spells                             Type                      Level
   a - Dispersal                      Translocation                6
   b - Malign Gateway                 Summoning/Translocation      7
   c - Disjunction                    Translocation                8
   d - Controlled Blink               Translocation                8
Comestibles
 b - 2 bread rations {@e1}
 c - 5 slices of pizza
 j - 7 meat rations {@e2}


   Skills:
 + Level 4.3 Fighting
 + Level 2.4 Armour
 + Level 3.9 Dodging
 - Level 1.7 Stealth
 * Level 11.7 Unarmed Combat


You couldn't memorise any spells.
You knew the following spells:

 Your Spells              Type           Power        Failure   Level  Hunger
C - Controlled Blink      Tloc           N/A          100%        8    #######


Dungeon Overview and Level Annotations

Branches:
Dungeon (11/15)            Temple (0/1) D:5            Lair (0/8) D:10
    Orc: D:9-12

Altars:
Ashenzari
Cheibriados
Dithmenos
Elyvilon
Gozag
Kikubaaqudgha
Qazlal
Xom

Shops:
D:9 [

Annotations:
D:7 Prince Ribbit
D:8 Gastronok; Goblin1989's ghost, novice DsGl; Maurice
D:11 Maud


Innate Abilities, Weirdness & Mutations

You have sharp fingernails.
You are surrounded by a moderate repulsion field (EV +3).
You regenerate a little health from kills.


Message History

The yak bellows!
The shadow slips into darkness.
The shadow flickers and vanishes!
Deactivating autopickup; reactivate with Ctrl-A.
The shadow strikes at you from the darkness!
* * * LOW HITPOINT WARNING * * *
Reactivating autopickup.
You take 27 damage, and have 15/65 hp.
MASSIVE DAMAGE!!
The shadow slips into darkness.
The shadow flickers and vanishes!
Deactivating autopickup; reactivate with Ctrl-A.
Read which item? (? for menu, Esc to quit)
Really read
T - 2 scrolls of teleportation {!r, @r4}? [Y]es or [N]o only, please.
Really read
T - 2 scrolls of teleportation {!r, @r4}?
As you read the scroll of teleportation {!r, @r4}, it crumbles to dust.
You feel strangely unstable.
The shadow strikes at you from the darkness!
You die...
Your body crumbles into a pile of gold.

........████....█..P...P$PPPP.P..
█..........Y.███....P..PPPP.P..P
█............█ █........PP..PP.P
████........███.......P....P.PP
█.....█████.....██..........
█.....█████.....██.██..P....
█......Y........██..█.█..█..
█...................█.█.█...
█..........@................
█........██........█........
███.........................
█...........█.......███...
█...██......█......>█ █...
█...██......█.......█ █...
█...██......█(......███...
█...██......████████.████.
█...██....).█ ██.██ █


You could see a yak.

Vanquished Creatures
  A hill giant (D:10)
  A wyvern (D:9)
  A steam dragon (D:8)
  A water moccasin (D:6)
  An orc warrior (D:9)
  A slave (D:4)
  An ogre (D:9)
  2 sky beasts
  A crocodile (Sewer)
  An ice beast (D:6)
  2 centaurs
  4 giant frogs
  A wyvern zombie (D:9)
  A scorpion (D:9)
  3 wights (D:11)
  5 crimson imps
  A jelly (D:5)
  2 giant frog zombies
  4 hounds
  2 iguanas
  2 orc priests
  3 orc wizards (D:7)
  4 hell rats (D:5)
  4 worker ants
  A worker ant zombie (D:11)
  8 gnolls
  8 adders
  4 river rats (D:5)
  A shadow imp (D:5)
  An ooze (D:2)
  2 adder skeletons
  6 worms
  23 orcs
  11 bats
  11 giant cockroaches
  10 goblins
  3 hobgoblins
  5 jackals
  5 giant geckos
  4 giant newts
  14 kobolds
  A quokka (D:6)
  33 rats
200 creatures vanquished.

Vanquished Creatures (others)
  The ghost of Goblin1989 the Shooter, a weakling HEHu (D:3)
  3 fungi (D:10)
  3 plants (D:10)
7 creatures vanquished.

Grand Total: 207 creatures vanquished

Notes
Turn   | Place    | Note
--------------------------------------------------------------
     0 | D:1      | Goblin1989 the Demonspawn Monk began the quest for the Orb.
     0 | D:1      | Reached XP level 1. HP: 18/18 MP: 1/1
   161 | D:1      | Reached skill level 4 in Unarmed Combat
   223 | D:1      | Found a shattered altar of Ashenzari.
   226 | D:1      | Gained mutation: You are surrounded by a mild repulsion field (EV +2). [demonic ancestry]
   226 | D:1      | Reached XP level 2. HP: 21/24 MP: 2/2
   769 | D:2      | Gained mutation: You are surrounded by a moderate repulsion field (EV +3). [demonic ancestry]
   769 | D:2      | Reached XP level 3. HP: 24/29 MP: 3/3
  1159 | D:2      | Reached skill level 5 in Unarmed Combat
  1194 | D:2      | Gained mutation: You regenerate a little health from kills. [demonic ancestry]
  1194 | D:2      | Reached XP level 4. HP: 32/35 MP: 4/4
  1404 | D:3      | Killed Goblin1989's ghost
  1509 | D:3      | Found a glowing drain.
  1543 | D:3      | Gained mutation: You have sharp fingernails. [demonic ancestry]
  1543 | D:3      | Reached XP level 5. HP: 41/41 MP: 5/5
  1587 | Sewer    | Entered a sewer
  1600 | Sewer    | Reached skill level 6 in Unarmed Combat
  2326 | D:4      | Reached XP level 6. HP: 43/47 MP: 6/6
  2389 | D:4      | Found a stormy altar of Qazlal.
  2547 | D:4      | Found a white marble altar of Elyvilon.
  2553 | D:4      | Noticed a slave
  2568 | D:4      | Reached skill level 7 in Unarmed Combat
  2583 | D:4      | Killed a slave
  2597 | D:5      | Entered Level 5 of the Dungeon
  2709 | D:5      | Found a shimmering altar of Xom.
  2711 | D:5      | Found a shadowy altar of Dithmenos.
  2711 | D:5      | Found an ancient bone altar of Kikubaaqudgha.
  2712 | D:5      | Found an opulent altar of Gozag.
  2714 | D:5      | Found a stormy altar of Qazlal.
  2715 | D:5      | Found a snail-covered altar of Cheibriados.
  2719 | D:5      | Became a worshipper of Gozag Ym Sagoz the Greedy
  2965 | D:5      | Found a staircase to the Ecumenical Temple.
  3030 | D:5      | Reached XP level 7. HP: 52/52 MP: 7/7
  3199 | D:5      | Reached skill level 8 in Unarmed Combat
  3638 | D:6      | Reached skill level 9 in Unarmed Combat
  3908 | D:6      | Reached XP level 8. HP: 58/58 MP: 8/8
  4392 | D:7      | Reached skill level 10 in Unarmed Combat
  4715 | D:7      | Noticed Prince Ribbit
  4882 | D:8      | Noticed Gastronok
  4969 | D:8      | Noticed Maurice
  4972 | D:8      | Noticed Goblin1989's ghost (novice DsGl)
  5245 | D:9      | Reached skill level 11 in Unarmed Combat
  5401 | D:9      | Reached XP level 9. HP: 63/63 MP: 9/9
  5565 | D:9      | Reached skill level 1 in Armour
  5742 | D:9      | Found a stormy altar of Qazlal.
  5919 | D:9      | Found Cimmubb's Antique Armour Shoppe.
  5926 | D:9      | Bought the +1 ratskin cloak {rPois rN+ Int-1 Dex-1} for 579 gold pieces
  5926 | D:9      | Bought a pair of runed boots for 126 gold pieces
  5926 | D:9      | Bought a shiny helmet for 126 gold pieces
  6105 | D:10     | Entered Level 10 of the Dungeon
  6183 | D:10     | Noticed a hill giant
  6186 | D:10     | Noticed a hill giant
  6302 | D:11     | Noticed Maud
  6399 | D:10     | Found a staircase to the Lair.
  6411 | D:10     | Noticed a hill giant
  6447 | D:10     | Killed a hill giant
  6484 | D:10     | Learned a level 8 spell: Controlled Blink
  6505 | D:10     | Noticed a hill giant
  6521 | D:10     | Slain by a shadow

Action                   |  1- 3 |  4- 6 |  7- 9 || total
-------------------------+-------+-------+-------++-------
Melee: Unarmed           |   142 |   202 |   367 ||   711
Invok: Potion Petition   |       |       |     1 ||     1
Evoke: Wand              |       |       |     1 ||     1
  Use: Scroll            |       |     6 |     3 ||     9
       Potion            |       |     5 |     3 ||     8
 Stab: Sleeping          |     6 |     3 |     1 ||    10
       Distracted        |       |       |     1 ||     1
  Eat: Chunk             |    14 |     5 |       ||    19
       Bread ration      |       |       |     1 ||     1
       Beef jerky        |       |       |     1 ||     1

Vault maps used:
D:1:      eino_arrival_tree_alley, ashenzari_altar_1
D:3:      gup_sewer_entry_glass, lemuel_another_geyser
D:4:      overflow_temple_1_default, nicolae_qazlal_general_emergency,
          uniq_pikel
D:5:      lemuel_ratsnest, minitemple, minmay_temple_entry_nine_rooms,
          first_bread, kennysheep_doodads
D:7:      grunt_ogre_cave, mrwooster_statue_mirror, uniq_prince_ribbit1
D:8:      minivault_23, uniq_maurice, uniq_gastronok
D:9:      serial_shops, kennysheep_little_box, basic_altar
D:10:     due_lair_maze_entry_diamond, serial_bayou, serial_bayou_pond_b,
          serial_bayou_ford_a, serial_bayou_crossing, serial_bayou_lake_a
D:11:     uniq_snorg, uniq_maud, uniq_grum
Sewer:    sewer_the_crocodile
